Arrhythmia, chaotic female vampiric Convict --- ----- --.| |... |..| |... ---..| +..- --....| |..| |.....-----..| ---- |............| |..-- ---..........| |...-- --..----...| | |....| |..| +...| (| |...)| ---..| |...| . |...%| |....----.).--|-- ----)| |......|........| |.|----%....|..#.....---- | |.--.|...%..|-....{........| |..)_@@.@...--..|....#.....- --...%.--.......|-............ --..----------.| ------------- ---- --- Arrhythmia the Jail-bird Experience level: 8 Strength: 14 Dexterity: 12 Constitution: 19 Intelligence: 8 Wisdom: 10 Charisma: 13 Health: 0(87) Energy: 53(53) AC: 3 Gold: 86 Moves: 5468 Your Inventory: Coins $ - 86 gold pieces Armor b - a cursed +0 striped shirt v - an uncursed +0 dwarvish mithril-coat (being worn) w - an uncursed +0 hard hat [dwarvish iron helm] (being worn) A - an [uncursed] +0 pair of hard shoes [iron] (being worn) E - a [cursed +0] pair of walking shoes [low] J - a cursed -4 small shield (being worn) K - an [uncursed +2] pair of jackboots [high] Potions G - a [cursed] clear potion [of unholy water] I - an [uncursed] sky blue potion [of restore ability] Rings z - an [uncursed] diamond ring [of sustain ability] C - an [uncursed] copper ring [of polymorph control] Wands D - an [uncursed] wand of digging [0:4] Tools H - an [uncursed] brass lantern (lit) Iron balls c - an uncursed heavy iron ball (chained to you) (weapon in hand) Spells known in the end: Name Level Category Fail Memory Your skills at the end: Fighting Skills Weapon Skills flail [Basic / Expert] sling [Basic / Skilled] Spellcasting Skills Final Attributes: You were haltingly aligned. Hunger level was 507. Your alignment was 1 / 37. Monster difficulty range was 1 - 7. Level difficulty was 7. You were immune to poison. You were immune to level-drain. You were immune to sickness. You were punished. You could fly. You could survive without air. You regenerated. Your luck was zero. You are dead. Vanquished creatures: a large cat 3 watchmen a leprechaun a chickatrice a dog a jaguar 2 ravens 7 human zombies a pony a fog cloud 2 yellow lights a shrieker 5 gnome lords 3 gnomish wizards a red naga hatchling a gray ooze a straw golem a giant ant a little dog a floating eye 10 dwarves a homunculus 3 rothes a rabid rat 3 orc zombies a wererat 4 iguanas 2 acid blobs a gas spore 2 hobbits a large kobold a hobgoblin 4 giant rats 2 cave spiders 3 yellow molds 30 gnomes a gnome zombie 3 geckos 5 jackals a fox 5 sewer rats 8 grid bugs a bat 8 lichens 2 kobold zombies 4 newts 143 creatures vanquished. Voluntary challenges: You went without food. You never hit with a wielded weapon. You read items or engraved 1 time. You put on armor 8 times. You never genocided any monsters. You never polymorphed an object. You changed form 4 times. You used no wishes. You abstained from Elbereth's help. You never encountered a bones level. You never used any Sokoban shortcuts. Dungeon overview: The Dungeons of Doom: levels 1 to 3 Level 1 an altar to Tymora a long staircase Level 3 stairs to The Gnomish Mines The Gnomish Mines: levels 4 to 7 Level 4 stairs to The Dungeons of Doom Level 6 (Magic trap) Level 7 <- You were here a lighting shop, a fountain, some trees History has recorded: On T:1 you entered the Dungeons of Doom to retrieve the Amulet of Yendor! On T:332 you reached level 2 of The Dungeons of Doom. On T:556 you advanced to experience level 2. On T:921 you advanced to experience level 3. On T:1573 you reached level 3 of The Dungeons of Doom. On T:1586 you advanced to experience level 4. On T:2037 you advanced to experience level 5. On T:2066 you reached level 1 of The Gnomish Mines. On T:2789 you advanced to experience level 6. On T:3923 you advanced to experience level 7. On T:4007 you reached level 2 of The Gnomish Mines. On T:4609 you reached level 3 of The Gnomish Mines. On T:4726 you advanced to experience level 8. On T:5309 you reached level 4 of The Gnomish Mines. Latest messages: You have a little trouble lifting L - a pair of jackboots. Your movements are slowed slightly because of your load. The watchman throws a spear! The spear misses the watch captain. You are hit by a spear. The watch captain swings her silver saber. The silver sears your flesh! The watch captain hits! The watch captain swings her silver saber. The silver sears your flesh! The watch captain hits! [HP-42=22] [2 turns] You drop a pair of jackboots. Your movements are now unencumbered. The watch captain swings her silver saber. The silver sears your flesh! The watch captain hits! The watch captain swings her silver saber. The silver sears your flesh! The watch captain hits! You die... Final status: Goodbye Arrhythmia the Convict... You died in The Gnomish Mines on dungeon level 7 with 5700 points, and 86 pieces of gold, after 5468 moves. You were level 8 with a maximum of 87 hit points when you died.